TOP OF THE 1ST |
Maryland Terrapins batting - Pitching for UCLA Bruins : RHP Manuel González
|
Pitching: RHP Manuel González
|
|
Batting: SHB Caden Keith
|
0-0: DOUBLE (Line Drive, 9LM)
|
Batting: RHB Glenn Carroll
|
0-0: Ball 1-0: Ball 2-0: Foul Ball, location: 2F 2-1: Swinging Strike 2-2: Strikes out looking
|
Batting: LHB Armando Torres
|
0-0: Called Strike 0-1: Swinging Strike 0-2: Strikes out swinging
|
Batting: SHB Frank Johnston
|
0-0: Called Strike 0-1: Called Strike 0-2: Fly out, F7 (Flyball, 78D)
|
Top of the 1st over - 0 run(s), 1 hit(s), 0 error(s), 1 left on base; Maryland 0 - UCLA 0 |
BOTTOM OF THE 1ST |
UCLA Bruins batting - Pitching for Maryland Terrapins : LHP Justin Wagner
|
Pitching: LHP Justin Wagner
|
|
Batting: LHB Harvey Moore
|
0-0: Ball 1-0: Ball 2-0: Ball 3-0: Called Strike 3-1: Swinging Strike 3-2: Ground out 6-3 (Groundball, 56)
|
Batting: RHB Roberto Rodríguez
|
0-0: SINGLE (Groundball, 56D)
|
Batting: RHB Dean Bailey
|
0-0: Swinging Strike 0-1: Ball 1-1: 2-RUN HOME RUN (Flyball, 9LD), Distance : 329 ft
|
Batting: LHB Brian Bauer
|
0-0: Ball 1-0: Fly out, F9 (Line Drive, 9M)
|
Batting: RHB Bill Powell
|
0-0: Called Strike 0-1: Called Strike 0-2: Strikes out swinging
|
Bottom of the 1st over - 2 run(s), 2 hit(s), 0 error(s), 0 left on base; Maryland 0 - UCLA 2 |
TOP OF THE 2ND |
Maryland Terrapins batting - Pitching for UCLA Bruins : RHP Manuel González
|
Batting: SHB Tom Johnson
|
0-0: Swinging Strike 0-1: Ball 1-1: Swinging Strike 1-2: Strikes out swinging
|
Batting: RHB Jesús López
|
0-0: Called Strike 0-1: Swinging Strike 0-2: Ball 1-2: Ball 2-2: Foul Ball, location: 2F 2-2: Foul Ball, location: 2F 2-2: Foul Ball, location: 2F 2-2: Hit by Pitch
|
Batting: SHB Leonard Adams
|
0-0: Ball 1-0: Swinging Strike 1-1: Ball 2-1: Foul Ball, location: 2F 2-2: DOUBLE (Line Drive, 9LM) Jesús López to third
|
Batting: RHB Pedro Echevarría
|
0-0: Ball 1-0: Fly out, F9 (Flyball, 9M) Throwing error, E9 Jesús López scores Leonard Adams to third
|
Batting: RHB Ken Boyd
|
0-0: Ball 1-0: Called Strike 1-1: SINGLE (Groundball, 4MD) Leonard Adams scores
|
Batting: SHB Caden Keith
|
0-0: Ball 1-0: SINGLE (Flyball, 7LS) Ken Boyd to second
|
Batting: RHB Glenn Carroll
|
0-0: Called Strike 0-1: Swinging Strike 0-2: Strikes out swinging
|
Top of the 2nd over - 2 run(s), 3 hit(s), 1 error(s), 2 left on base; Maryland 2 - UCLA 2 |
BOTTOM OF THE 2ND |
UCLA Bruins batting - Pitching for Maryland Terrapins : LHP Justin Wagner
|
Batting: RHB Doug Lutz
|
0-0: Ball 1-0: Called Strike 1-1: SINGLE (Groundball, 56D)
|
Batting: RHB Rodney Richardson
|
0-0: Grounds into double play, U4-3 (Groundball, 4)
|
Batting: LHB Simon Collins
|
0-0: Called Strike 0-1: Swinging Strike 0-2: Strikes out swinging
|
Bottom of the 2nd over - 0 run(s), 1 hit(s), 0 error(s), 0 left on base; Maryland 2 - UCLA 2 |
TOP OF THE 3RD |
Maryland Terrapins batting - Pitching for UCLA Bruins : RHP Manuel González
|
Batting: LHB Armando Torres
|
0-0: Called Strike 0-1: Ball 1-1: Ball 2-1: Foul Ball, location: 2F 2-2: Ball 3-2: Foul Ball, location: 2F 3-2: Foul Ball, location: 2F 3-2: Base on Balls
|
Batting: SHB Frank Johnston
|
0-0: Ball 1-0: Fly out, F8 (Flyball, 8LM)
|
Batting: SHB Tom Johnson
|
0-0: Ball Armando Torres is caught stealing 2nd base 1-0: Ball 2-0: Ground out 4-3 (Groundball, 4M)
|
Top of the 3rd over - 0 run(s), 0 hit(s), 0 error(s), 0 left on base; Maryland 2 - UCLA 2 |
BOTTOM OF THE 3RD |
UCLA Bruins batting - Pitching for Maryland Terrapins : LHP Justin Wagner
|
Batting: RHB Wilson Metherall
|
0-0: Called Strike 0-1: Ball 1-1: Called Strike 1-2: Fly out, F3 (Popup, 3DF)
|
Batting: LHB Harvey Moore
|
0-0: Ball 1-0: Called Strike 1-1: Ball 2-1: Ball 3-1: Foul Ball, location: 2F 3-2: Foul Ball, location: 2F 3-2: Foul Ball, location: 2F 3-2: Base on Balls
|
Batting: RHB Roberto Rodríguez
|
0-0: Ball 1-0: Ball 2-0: Ball 3-0: Called Strike 3-1: Foul Ball, location: 2F 3-2: Fly out, F7 (Flyball, 78M) 3-2: Lined into DP, 7-3 (Flyball, 78M)
|
Bottom of the 3rd over - 0 run(s), 0 hit(s), 0 error(s), 0 left on base; Maryland 2 - UCLA 2 |
TOP OF THE 4TH |
Maryland Terrapins batting - Pitching for UCLA Bruins : RHP Manuel González
|
Batting: RHB Jesús López
|
0-0: Fly out, F1 (Line Drive, 13)
|
Batting: SHB Leonard Adams
|
0-0: Called Strike 0-1: Foul Ball, location: 2F 0-2: Ball 1-2: Foul Ball, location: 2F 1-2: Strikes out looking
|
Batting: RHB Pedro Echevarría
|
0-0: Called Strike 0-1: Swinging Strike 0-2: Ball 1-2: SINGLE (Line Drive, 4MD)
|
Batting: RHB Ken Boyd
|
0-0: Ball 1-0: Swinging Strike 1-1: Ball 2-1: Ball 3-1: Called Strike 3-2: Strikes out looking
|
Top of the 4th over - 0 run(s), 1 hit(s), 0 error(s), 1 left on base; Maryland 2 - UCLA 2 |
BOTTOM OF THE 4TH |
UCLA Bruins batting - Pitching for Maryland Terrapins : LHP Justin Wagner
|
Batting: RHB Dean Bailey
|
0-0: Ball 1-0: Called Strike 1-1: Ball 2-1: Ball 3-1: Base on Balls
|
Batting: LHB Brian Bauer
|
0-0: Called Strike 0-1: Swinging Strike 0-2: Foul Ball, location: 2F 0-2: Ball 1-2: Ball 2-2: Strikes out swinging
|
Batting: RHB Bill Powell
|
0-0: Ball 1-0: Foul Ball, location: 2F 1-1: SINGLE (Groundball, 34D) Dean Bailey to second Runner from 2nd tries for 3rd, SAFE, throw made to third
|
Batting: RHB Doug Lutz
|
0-0: Ball Bill Powell is caught stealing 2nd base 1-0: Ground out 5-3 (Groundball, 56S)
|
Bottom of the 4th over - 0 run(s), 1 hit(s), 0 error(s), 1 left on base; Maryland 2 - UCLA 2 |
TOP OF THE 5TH |
Maryland Terrapins batting - Pitching for UCLA Bruins : RHP Manuel González
|
Batting: SHB Caden Keith
|
0-0: Fly out, F6 (Line Drive, 6)
|
Batting: RHB Glenn Carroll
|
0-0: Ball 1-0: Foul Ball, location: 2F 1-1: Swinging Strike 1-2: Foul Ball, location: 2F 1-2: Strikes out swinging
|
Batting: LHB Armando Torres
|
0-0: SINGLE (Groundball, 34D) (infield hit)
|
Batting: SHB Frank Johnston
|
0-0: Swinging Strike 0-1: Ball 1-1: Fly out, F4 (Popup, 4MD)
|
Top of the 5th over - 0 run(s), 1 hit(s), 0 error(s), 1 left on base; Maryland 2 - UCLA 2 |
BOTTOM OF THE 5TH |
UCLA Bruins batting - Pitching for Maryland Terrapins : LHP Justin Wagner
|
Batting: RHB Rodney Richardson
|
0-0: Foul Ball, location: 2F 0-1: Ball 1-1: Called Strike 1-2: Ball 2-2: Fly out, F7 (Flyball, 7M)
|
Batting: LHB Simon Collins
|
0-0: Swinging Strike 0-1: Ball 1-1: Ball 2-1: Ground out U3 (Groundball, 3)
|
Batting: RHB Wilson Metherall
|
0-0: Ground out 6-3 (Groundball, 6)
|
Bottom of the 5th over - 0 run(s), 0 hit(s), 0 error(s), 0 left on base; Maryland 2 - UCLA 2 |
TOP OF THE 6TH |
Maryland Terrapins batting - Pitching for UCLA Bruins : RHP Manuel González
|
Batting: SHB Tom Johnson
|
0-0: Ground out 4-3 (Groundball, 4)
|
Batting: RHB Jesús López
|
0-0: Called Strike 0-1: Foul Ball, location: 2F 0-2: Ball 1-2: Ball 2-2: Strikes out looking
|
Batting: SHB Leonard Adams
|
0-0: Foul Ball, location: 2F 0-1: Ball 1-1: Ball 2-1: Ground out 6-3 (Groundball, 6)
|
Top of the 6th over - 0 run(s), 0 hit(s), 0 error(s), 0 left on base; Maryland 2 - UCLA 2 |
BOTTOM OF THE 6TH |
UCLA Bruins batting - Pitching for Maryland Terrapins : LHP Justin Wagner
|
Batting: LHB Harvey Moore
|
0-0: Foul Ball, location: 2F 0-1: Ball 1-1: SOLO HOME RUN (Flyball, 7D), Distance : 365 ft
|
Batting: RHB Roberto Rodríguez
|
0-0: Called Strike 0-1: Ground out 6-3 (Groundball, 6)
|
Batting: RHB Dean Bailey
|
0-0: Called Strike 0-1: Ball 1-1: Ground out 6-3 (Groundball, 6)
|
Batting: LHB Brian Bauer
|
0-0: Called Strike 0-1: Swinging Strike 0-2: Strikes out looking
|
Bottom of the 6th over - 1 run(s), 1 hit(s), 0 error(s), 0 left on base; Maryland 2 - UCLA 3 |
TOP OF THE 7TH |
Maryland Terrapins batting - Pitching for UCLA Bruins : RHP Manuel González
|
Pitching: RHP Sean Cooper
|
|
Batting: RHB Pedro Echevarría
|
0-0: Ball 1-0: Called Strike 1-1: Ball 2-1: Foul Ball, location: 2F 2-2: Strikes out looking
|
Batting: RHB Ken Boyd
|
0-0: Ball 1-0: Swinging Strike 1-1: Foul Ball, location: 2F 1-2: Fly out, F7 (Line Drive, 7S)
|
Batting: SHB Caden Keith
|
0-0: Ball 1-0: Ball 2-0: Ball 3-0: Foul Ball, location: 2F 3-1: Base on Balls
|
Batting: RHB Glenn Carroll
|
0-0: Ball 1-0: Foul Ball, location: 2F 1-1: Fly out, F8 (Flyball, 8LM)
|
Top of the 7th over - 0 run(s), 0 hit(s), 0 error(s), 1 left on base; Maryland 2 - UCLA 3 |
BOTTOM OF THE 7TH |
UCLA Bruins batting - Pitching for Maryland Terrapins : LHP Justin Wagner
|
Batting: RHB Bill Powell
|
0-0: Ball 1-0: Foul Ball, location: 2F 1-1: Called Strike 1-2: Foul Ball, location: 2F 1-2: Fly out, F8 (Flyball, 89S)
|
Pitching: RHP Neal Hayes
|
|
Batting: RHB Doug Lutz
|
0-0: Ball 1-0: Ball 2-0: Ground out 5-3 (Groundball, 56)
|
Batting: RHB Rodney Richardson
|
0-0: Ball 1-0: Ball 2-0: Ball 3-0: Base on Balls
|
Batting: LHB Simon Collins
|
0-0: Foul Ball, location: 2F 0-1: Fly out, F8 (Line Drive, 8RM)
|
Bottom of the 7th over - 0 run(s), 0 hit(s), 0 error(s), 1 left on base; Maryland 2 - UCLA 3 |
TOP OF THE 8TH |
Maryland Terrapins batting - Pitching for UCLA Bruins : RHP Sean Cooper
|
Batting: LHB Armando Torres
|
0-0: Called Strike 0-1: Ground out 6-3 (Groundball, 6)
|
Batting: SHB Frank Johnston
|
0-0: Ball 1-0: Fly out, F2 (Popup, 2L)
|
Batting: SHB Tom Johnson
|
0-0: Called Strike 0-1: Swinging Strike 0-2: Ball 1-2: Strikes out looking
|
Top of the 8th over - 0 run(s), 0 hit(s), 0 error(s), 0 left on base; Maryland 2 - UCLA 3 |
BOTTOM OF THE 8TH |
UCLA Bruins batting - Pitching for Maryland Terrapins : RHP Neal Hayes
|
Batting: RHB Wilson Metherall
|
0-0: Ball 1-0: Fly out, F9 (Flyball, 9M)
|
Batting: LHB Harvey Moore
|
0-0: Called Strike 0-1: Called Strike 0-2: Foul Ball, location: 2F 0-2: Ball 1-2: Strikes out swinging
|
Batting: RHB Roberto Rodríguez
|
0-0: Foul Ball, location: 2F 0-1: Called Strike 0-2: Ball 1-2: Foul Ball, location: 2F 1-2: Strikes out looking
|
Bottom of the 8th over - 0 run(s), 0 hit(s), 0 error(s), 0 left on base; Maryland 2 - UCLA 3 |
TOP OF THE 9TH |
Maryland Terrapins batting - Pitching for UCLA Bruins : RHP Sean Cooper
|
Pitching: RHP Salvador De Jesús
|
|
Now at 2B: Bob Newton
|
|
Batting: RHB Jesús López
|
0-0: Called Strike 0-1: Called Strike 0-2: Ball 1-2: Strikes out swinging
|
Batting: SHB Leonard Adams
|
0-0: Ball 1-0: Foul Ball, location: 2F 1-1: SINGLE (Flyball, 7S)
|
Batting: RHB Pedro Echevarría
|
0-0: Called Strike 0-1: Ball 1-1: Ball 2-1: Foul Ball, location: 2F 2-2: Ground out U3 (Groundball, 3S) Leonard Adams to second
|
Batting: RHB Ken Boyd
|
0-0: Ball 1-0: 2-RUN HOME RUN (Flyball, 78XD), Distance : 382 ft
|
Batting: SHB Caden Keith
|
0-0: Ground out 5-3 (Groundball, 56)
|
Top of the 9th over - 2 run(s), 2 hit(s), 0 error(s), 0 left on base; Maryland 4 - UCLA 3 |
BOTTOM OF THE 9TH |
UCLA Bruins batting - Pitching for Maryland Terrapins : RHP Neal Hayes
|
Pitching: RHP Pete Gillespie
|
|
Now in LF: Will Sawyer
|
|
Batting: RHB Dean Bailey
|
0-0: Ball 1-0: Ball 2-0: Ball 3-0: Called Strike 3-1: Foul Ball, location: 2F 3-2: Foul Ball, location: 2F 3-2: Foul Ball, location: 2F 3-2: Strikes out looking
|
Batting: LHB Brian Bauer
|
0-0: TRIPLE (Line Drive, 9LS)
|
Batting: RHB Bill Powell
|
0-0: Ball 1-0: Foul Ball, location: 2F 1-1: Ball 2-1: Foul Ball, location: 2F 2-2: Foul Ball, location: 2F 2-2: Strikes out swinging
|
Batting: RHB Doug Lutz
|
0-0: Ball 1-0: Ball 2-0: Called Strike 2-1: Ball 3-1: Base on Balls
|
Pinch Hitting: RHB Will Walker
|
0-0: Ball 1-0: Ground out 5-3 (Groundball, 56S)
|
Bottom of the 9th over - 0 run(s), 1 hit(s), 0 error(s), 2 left on base; Maryland 4 - UCLA 3 |
|